AoeStats
← Buhr

Black Forest

509957026Analyzed
4v4 RM · 5d ago on Sep 28, 2026· 42m 46s· 8 players
Game mode
Random Map
Map size
Large (8 player)
Population
200
Speed
Normal
Resources
Standard
Victory
Conquest
Starting age
Dark Age
Ending age
Imperial Age
RankedLock teamsTeams togetherTeam positionsShared explorationLock speedFull tech treeHidden civsTurbo modeCheats
Victory
Defeat
🇨🇳 Mongols · China
1814
+10
🇺🇸 Portuguese · United States
1580
+19
🇵🇱 Britons · Poland
1537
+21
🇨🇳 Japanese · China
1479
+23
🇨🇿 Japanese · Czechia
1721
-21
🇨🇿 Britons · Czechia
1667
-19
🇨🇿 Varangians · Czechia
1639
-18
🇨🇿 Bohemians · Czechia
1574
-15
Buhr
12:15 Feudal Age
12:19 Feudal Age
16:21 Castle Age
14:44 Double-Bit Axe
15:28 Loom
20:57 Gold Mining
21:22 Bow Saw
21:56 Stone Mining
25:05 Imperial Age
25:25 Town Watch
26:54 Town Patrol
28:20 Coinage
28:54 Wheelbarrow
29:26 Banking
29:45 Hand Cart
30:33 Two-Man Saw
31:38 Chemistry
32:16 Siege Engineers
33:01 Arquebus
33:24 Fortified Wall
33:38 Conscription
34:07 Ballistics
35:27 Elite Organ Gun
40:46 Bombard Tower
40:18 Fletching
Gasior
10:55 Feudal Age
10:05 Loom
15:45 Castle Age
13:28 Fishing Lines
13:40 Double-Bit Axe
17:43 Bow Saw
17:15 Horse Collar
22:01 Wheelbarrow
22:59 Heavy Plow
24:02 Gillnets
24:21 Gold Mining
24:24 Stone Mining
25:57 Hand Cart
25:27 Loom
25:31 Town Watch
29:13 Imperial Age
26:56 Fletching
27:28 Ballistics
27:28 Caravan
28:21 Gold Shaft Mining
27:46 Bodkin Arrow
29:00 Yeomen
29:29 Padded Archer Armor
30:54 Chemistry
29:55 Bracer
30:17 Conscription
30:25 Leather Archer Armor
30:00 Elite Longbowman
31:47 Siege Engineers
33:39 Pikeman
34:19 Squires
34:42 Warwolf
34:10 Halberdier
37:02 Ring Archer Armor
39:38 Scale Mail Armor
40:35 Coinage
41:26 Two-Man Saw
40:57 Crossbowman
43:14 Banking
154985415164
0:38 Loom
13:32 Feudal Age
18:45 Castle Age
17:59 Double-Bit Axe
18:46 Horse Collar
19:37 Bow Saw
24:45 Fletching
31:11 Wheelbarrow
36:08 Imperial Age
34:42 Hand Cart
34:33 Gold Mining
34:37 Stone Mining
36:40 Gold Shaft Mining
36:55 Bodkin Arrow
37:11 Siege Engineers
36:32 Onager
36:45 Light Cavalry
37:36 Bloodlines
37:27 Husbandry
37:33 Scale Barding Armor
38:27 Drill
39:23 Chemistry
38:36 Caravan
39:04 Chain Barding Armor
38:42 Hussar
39:34 Forging
41:35 Iron Casting
42:05 Conscription
44:12 Blast Furnace
Hash-
6:26 Loom
9:06 Feudal Age
9:23 Man-at-Arms
10:18 Double-Bit Axe
11:39 Town Watch
24:16 Castle Age
23:29 Horse Collar
25:46 Bow Saw
27:41 Wheelbarrow
29:13 Heavy Plow
29:06 Gold Mining
29:06 Stone Mining
34:32 Imperial Age
31:41 Pikeman
32:21 Squires
32:06 Arson
32:30 Scale Mail Armor
33:56 Hand Cart
35:12 Chain Mail Armor
35:08 Forging
34:51 Fletching
35:07 Halberdier
36:39 Plate Mail Armor
36:35 Elite Skirmisher
37:43 Squires
37:28 Gambesons
38:21 Iron Casting
38:08 Conscription
38:40 Thumb Ring
38:44 Fletching
38:55 Padded Archer Armor
40:07 Ballistics
40:48 Chemistry
40:15 Bodkin Arrow
40:36 Leather Archer Armor
40:45 Leather Archer Armor
41:49 Bracer
42:54 Blast Furnace
Voskarius
1:01 Loom
10:38 Feudal Age
25:41 Castle Age
23:28 Double-Bit Axe
25:14 Stone Mining
27:22 Gold Mining
28:37 Fletching
29:06 Horse Collar
29:43 Bodkin Arrow
29:46 Town Watch
35:29 Imperial Age
33:47 Ballistics
36:23 Yeomen
36:23 Bracer
37:28 Chemistry
38:36 Bow Saw
41:26 Two-Man Saw
41:02 Wheelbarrow
39:53 Elite Longbowman
40:35 Padded Archer Armor
40:50 Masonry
42:14 Leather Archer Armor
Simonz
12:52 Feudal Age
16:26 Castle Age
14:29 Double-Bit Axe
17:23 Bow Saw
16:58 Fishing Lines
20:08 Fervor
21:03 Wheelbarrow
22:20 Horse Collar
24:57 Loom
28:59 Imperial Age
26:55 Hand Cart
27:05 Scale Mail Armor
27:15 Forging
27:26 Town Watch
27:05 Pikeman
27:45 Squires
28:20 Heavy Plow
28:38 Chain Mail Armor
30:17 Chemistry
30:14 Plate Mail Armor
29:58 Siege Engineers
29:57 Fletching
30:30 Ballistics
31:33 Two-Man Saw
30:39 Elite Skirmisher
31:43 Bodkin Arrow
31:49 Padded Archer Armor
32:25 Masonry
33:09 Bracer
33:10 Houfnice
34:54 Conscription
34:42 Wagenburg Tactics
35:04 Leather Archer Armor
36:24 Ring Archer Armor
36:30 Iron Casting
39:24 Coinage
40:59 Banking
alesh
0:45 Loom
16:14 Feudal Age
17:46 Double-Bit Axe
21:34 Castle Age
19:19 Horse Collar
22:42 Bow Saw
23:45 Fletching
25:51 Bodkin Arrow
26:18 Ballistics
30:03 Wheelbarrow
35:08 Imperial Age
32:35 Guard Tower
32:45 Stone Mining
33:20 Treadmill Crane
34:35 Hand Cart
35:38 Yasama
35:58 Bracer
36:20 Heavy Plow
38:27 Chemistry
37:56 Arrowslits
41:56 Fortified Wall
41:57 Masonry
43:34 Keep
Bedrich
12:08 Feudal Age
15:49 Castle Age
14:01 Fishing Lines
14:31 Double-Bit Axe
16:11 Scale Barding Armor
21:47 Bow Saw
22:59 Gillnets
31:32 Imperial Age
29:42 Wheelbarrow
29:39 Bloodlines
29:34 Horse Collar
30:22 Chain Barding Armor
30:23 Husbandry
31:38 Forging
31:14 Vendel Legacy
31:36 Cavalier
32:43 Gold Mining
34:34 Conscription
34:57 Plate Barding Armor
34:58 Iron Casting
35:33 Hand Cart
35:04 Loom
36:40 Chemistry
37:03 Siege Engineers
38:28 Blast Furnace
38:38 Light Cavalry
39:43 Elite Jarl
40:40 Caravan
40:59 Hussar
Connection lost

Rejoining the realm…

Still unreachable

The connection could not be restored.

Session expired

The server has moved on; the page needs a fresh start.